 Dungeon Crawl Stone Soup version 0.28-a0-653-g7e9dba17c3 (webtiles) character file.

Game seed: 8712900305382927146

3327 Ijustatesigmund the Fighter (level 10, -1/85 HPs)
             Began as a Gnoll Wanderer on Oct 12, 2021.
             Was a Believer of Cheibriados.
             Slain by a phantasmal warrior (32 damage)
             ... led by a death knight
             ... on level 8 of the Dungeon.
             The game lasted 00:16:49 (6222 turns).

Ijustatesigmund the Fighter (Gnoll Wanderer)        Turns: 6222, Time: 00:16:49

Health: -1/85      AC:  9    Str: 21    XL:     10   Next: 2%
Magic:  16/17      EV: 12    Int: 16    God:    Cheibriados [**....]
Gold:   281        SH: 11    Dex: 19    Spells: 16/18 levels left

rFire   . . .      SeeInvis .   l - +7 dagger (venom)
rCold   . . .      Faith    .   g - +1 kite shield
rNeg    . . .      Spirit   .   c - +0 steam dragon scales
rPois   .          Reflect  .   f - +2 helmet
rElec   .          Harm     .   (no cloak)
rCorr   .          Rampage  .   (no gloves)
Will    .....                   (no boots)
Stlth   +++.......              (no amulet)
HPRegen 0.24/turn               (no ring)
MPRegen 0.15/turn               (no ring)

@: mighty, weak-willed, studying Unarmed Combat, very slow
A: fangs 1, strong nose, distributed training
a: Renounce Religion, Bend Time


You were on level 8 of the Dungeon.
You worshipped Cheibriados.
Cheibriados was pleased with you.
You visited 1 branch of the dungeon, and saw 8 of its levels.

You collected 466 gold pieces.
You spent 185 gold pieces at shops.

Inventory:

Hand Weapons
 a - a +2 vorpal hand crossbow
 d - a +3 morningstar
 l - a +7 dagger of venom (weapon)
Missiles
 b - 110 bolts
 e - 3 atropa-tipped darts (quivered)
Armour
 c - +0 steam dragon scales (worn)
 f - a +2 helmet (worn)
 g - a +1 kite shield (worn)
Wands
 m - a wand of polymorph (8)
 q - a wand of digging (4)
Scrolls
 j - 3 scrolls of magic mapping
 o - 3 scrolls of amnesia
 p - a scroll of summoning {unknown}
 u - 2 scrolls of identify
 v - a scroll of holy word
Potions
 h - 2 potions of attraction
 k - a potion of mutation {unknown}
 n - a potion of heal wounds {unknown}
 r - a potion of magic {unknown}
 s - 2 potions of curing
 t - a potion of lignification {unknown}


   Skills:
 + Level 9.8 Fighting
 + Level 4.8 Short Blades
 + Level 4.8 Long Blades
 + Level 4.8 Axes
 + Level 4.8 Maces & Flails
 + Level 4.8 Polearms
 + Level 4.8 Staves
 + Level 4.8 Slings
 + Level 4.8 Bows
 + Level 8.2 Crossbows
 + Level 5.5 Throwing
 + Level 5.5 Armour
 + Level 4.8 Dodging
 + Level 5.4 Stealth
 + Level 4.8 Shields
 + Level 6.3 Unarmed Combat
 + Level 4.8 Spellcasting
 + Level 4.0 Conjurations
 + Level 4.0 Hexes
 + Level 4.0 Summonings
 + Level 4.0 Necromancy
 + Level 4.0 Translocations
 + Level 4.0 Transmutations
 + Level 4.0 Fire Magic
 + Level 4.0 Ice Magic
 + Level 4.0 Air Magic
 + Level 4.0 Earth Magic
 + Level 4.0 Poison Magic
 + Level 5.3 Invocations
 + Level 4.8 Evocations


You had 16 spell levels left.
You knew the following spells:

 Your Spells              Type           Power      Damage    Failure   Level
a - Passwall              Tmut/Erth      13%        N/A       17%         2

Your spell library contained the following spells:

 Spells                   Type           Power      Damage    Failure   Level
 Sandblast                Erth           32%        2d9       11%         1
 Gell's Gravitas          Tloc           8%         N/A       32%         3
 Stone Arrow              Conj/Erth      32%        3d9       32%         3
 Teleport Other           Tloc           16%        N/A       32%         3
 Tukima's Dance           Hex            16%        N/A       32%         3
 Passage of Golubria      Tloc           N/A        N/A       73%         4
 Petrify                  Tmut/Erth      16%        N/A       73%         4
 Metabolic Englaciation   Hex/Ice        8%         N/A       97%         5
 Yara's Violent Unravell  Hex/Tmut       8%         3d5       97%         5
 Dispersal                Tloc           8%         N/A       100%        6
 Statue Form              Tmut/Erth      10%        N/A       100%        6


Dungeon Overview and Level Annotations

Branches:
Dungeon (8/15)             Temple (0/1) D:5
   Lair: D:8-11

Altars:
Cheibriados
Dithmenos
Gozag
Makhleb
Ru

Shops:
D:1 ([   D:2 ?   D:6 (   D:7 [


Innate Abilities, Weirdness & Mutations

You have very sharp teeth.
Your uncanny sense of smell can sniff out nearby items.
Your experience applies equally to all skills.


Message History

You hit the phantasmal warrior.
The phantasmal warrior is lightly damaged.
The phantasmal warrior hits you.
Your willpower is stripped away!
You hit the phantasmal warrior.
You bite the phantasmal warrior, but do no damage.
The phantasmal warrior is moderately damaged.
You block the phantasmal warrior's attack.
You hit the phantasmal warrior but do no damage.
The phantasmal warrior is moderately damaged.
You hit the phantasmal warrior but do no damage.
The phantasmal warrior is moderately damaged.
The phantasmal warrior hits you.
You hit the phantasmal warrior.
You bite the phantasmal warrior, but do no damage.
The phantasmal warrior is moderately damaged.
The phantasmal warrior hits you but does no damage.
Your shield prevents you from hitting the phantasmal warrior.
You bite the phantasmal warrior, but do no damage.
The phantasmal warrior is moderately damaged.
You hit the phantasmal warrior but do no damage.
The phantasmal warrior is moderately damaged.
The phantasmal warrior hits you.
You hit the phantasmal warrior but do no damage.
You bite the phantasmal warrior, but do no damage.
The phantasmal warrior is moderately damaged.
The phantasmal warrior is no longer moving slowly.
The phantasmal warrior hits you!!
Okay, then.
You feel very mighty all of a sudden. The phantasmal warrior hits you!
You hit the phantasmal warrior.
The phantasmal warrior is moderately damaged.
The phantasmal warrior hits you.
You hit the phantasmal warrior but do no damage.
The phantasmal warrior is moderately damaged.
You puncture the phantasmal warrior!
Your bite misses the phantasmal warrior.
The phantasmal warrior is heavily damaged.
The phantasmal warrior hits you!!
You die...

...........
..........# ∆
#####....# ##
###.....####
#.
##...########
#. #..### #...
#. ###.## #...
#.#####...#
#...
#.oW@...###
#...
.§......######
#... o####..##
#### #..# #.#
#[. #: ∆ ##


You could see a phantasmal warrior and an orc.

Vanquished Creatures
  An ugly thing (D:7)
  Sigmund (D:3)
  3 yaks (D:6)
  A steam dragon (D:5)
  A water moccasin (D:5)
  A black bear (D:6)
  2 ice beasts (D:7)
  2 necrophages
  An ogre (D:5)
  3 centaurs
  A phantom (D:7)
  A kobold brigand (D:7)
  Blork the orc (D:5)
  A scorpion (D:6)
  A bullfrog (D:6)
  A wyvern skeleton (D:7)
  A water moccasin skeleton (D:7)
  3 wights (D:6)
  A howler monkey (D:6)
  3 bullfrog zombies
  3 hounds
  2 orc priests
  A bullfrog skeleton (D:5)
  A jelly (D:7)
  Jessica (D:2)
  An iguana (D:4)
  Natasha (D:3)
  5 orc wizards
  A killer bee zombie (D:7)
  2 hound skeletons
  4 gnolls
  A howler monkey skeleton (D:7)
  3 adders
  A shadow imp (D:6)
  An ufetubus (D:4)
  A dart slug (D:5)
  20 orcs
  2 ball pythons
  5 endoplasms
  3 giant cockroaches
  8 goblins
  3 hobgoblins
  7 jackals
  5 quokkas
  7 bats
  3 frilled lizards
  5 kobolds
  7 rats
134 creatures vanquished.

Vanquished Creatures (others)
  A bush (D:5)
1 creature vanquished.

Grand Total: 135 creatures vanquished

Notes
Turn   | Place    | Note
-------+----------+-------------------------------------------
     0 | D:1      | Ijustatesigmund the Gnoll Wanderer began the quest for the
                  | Orb.
     0 | D:1      | Ijustatesigmund set off with the following items: a +2 hand
                  | crossbow, 22 bolts, a potion of curing, a +0 ring mail
     0 | D:1      | Reached XP level 1. HP: 26/26 MP: 1/1
    40 | D:1      | Reached XP level 2. HP: 27/33 MP: 2/2
   258 | D:1      | Found Aczeblur's Antique Armour Boutique.
   555 | D:1      | Found Zaoror's Weapon Shop.
   572 | D:1      | Reached XP level 3. HP: 38/38 MP: 3/3
   814 | D:2      | Found Xeotosuk's Magic Scroll Boutique.
   827 | D:2      | Bought 2 scrolls of identify for 52 gold pieces
   873 | D:2      | Reached skill level 1 in Short Blades
   873 | D:2      | Reached skill level 1 in Long Blades
   873 | D:2      | Reached skill level 1 in Axes
   873 | D:2      | Reached skill level 1 in Maces & Flails
   873 | D:2      | Reached skill level 1 in Polearms
   873 | D:2      | Reached skill level 1 in Staves
   873 | D:2      | Reached skill level 1 in Slings
   873 | D:2      | Reached skill level 1 in Bows
   873 | D:2      | Reached skill level 1 in Dodging
   873 | D:2      | Reached skill level 1 in Shields
   873 | D:2      | Reached skill level 1 in Unarmed Combat
   873 | D:2      | Reached skill level 1 in Spellcasting
   873 | D:2      | Reached skill level 1 in Invocations
   873 | D:2      | Reached skill level 1 in Evocations
   873 | D:2      | Reached XP level 4. HP: 43/45 MP: 5/5
   941 | D:2      | Found a shadowy altar of Dithmenos.
   952 | D:2      | Noticed Jessica
   954 | D:2      | Killed Jessica
   955 | D:2      | Reached skill level 1 in Conjurations
   955 | D:2      | Reached skill level 1 in Hexes
   955 | D:2      | Reached skill level 1 in Summonings
   955 | D:2      | Reached skill level 1 in Necromancy
   955 | D:2      | Reached skill level 1 in Translocations
   955 | D:2      | Reached skill level 1 in Transmutations
   955 | D:2      | Reached skill level 1 in Fire Magic
   955 | D:2      | Reached skill level 1 in Ice Magic
   955 | D:2      | Reached skill level 1 in Air Magic
   955 | D:2      | Reached skill level 1 in Earth Magic
   955 | D:2      | Reached skill level 1 in Poison Magic
  1143 | D:2      | Reached XP level 5. HP: 51/51 MP: 6/6
  1249 | D:3      | Found a sacrificial altar of Ru.
  1339 | D:3      | Noticed a necrophage
  1344 | D:3      | Killed a necrophage
  1489 | D:3      | Found a faded altar of an unknown god.
  1538 | D:3      | Noticed Sigmund
  1551 | D:3      | Killed Sigmund
  1552 | D:3      | Reached XP level 6. HP: 50/57 MP: 7/9
  1623 | D:3      | Noticed Natasha
  1629 | D:3      | Killed Natasha
  1915 | D:3      | Found a burning altar of Makhleb.
  1915 | D:3      | Found a snail-covered altar of Cheibriados.
  1922 | D:3      | Became a worshipper of Cheibriados the Contemplative
  2041 | D:3      | Reached XP level 7. HP: 52/63 MP: 10/10
  2451 | D:4      | Reached * piety under Cheibriados
  2517 | D:4      | Found an opulent altar of Gozag.
  2645 | D:5      | Entered Level 5 of the Dungeon
  2646 | D:5      | Noticed Blork the orc
  2663 | D:4      | Reached skill level 9 in Fighting
  2691 | D:5      | Killed Blork the orc
  2781 | D:5      | Reached XP level 8. HP: 58/71 MP: 12/12
  3855 | D:5      | Reached ** piety under Cheibriados
  3888 | D:5      | Found a staircase to the Ecumenical Temple.
  4103 | D:6      | Noticed a yak
  4103 | D:6      | Noticed a yak
  4103 | D:6      | Noticed a yak
  4121 | D:6      | Killed a yak
  4122 | D:6      | Reached XP level 9. HP: 63/77 MP: 11/14
  4129 | D:6      | Reached skill level 5 in Unarmed Combat
  4253 | D:6      | Reached skill level 5 in Throwing
  4253 | D:6      | Reached skill level 5 in Armour
  4344 | D:6      | Found Sysomm's Weapon Boutique.
  4503 | D:1      | Bought a kite shield for 94 gold pieces
  4533 | D:2      | Bought a scroll of teleportation for 39 gold pieces
  4979 | D:7      | Noticed a cyan ugly thing
  4980 | D:7      | Reached skill level 5 in Stealth
  5369 | D:7      | Killed a cyan ugly thing
  5370 | D:7      | Reached skill level 5 in Invocations
  5441 | D:7      | Learned a level 2 spell: Passwall
  5740 | D:7      | Reached XP level 10. HP: 85/85 MP: 17/17
  5829 | D:7      | Found Kuotu's Antique Armour Shoppe.
  6198 | D:8      | Noticed a phantasmal warrior
  6222 | D:8      | Slain by a phantasmal warrior

Illustrated notes

Levels and vault maps discovered:
D:1:      eino_arrival_cavern_c, layout_basic, serial_shops, shop,
          nicolae_shop_crystal
D:2:      layout_basic, basic_altar, serial_shops, nicolae_shop_stone,
          uniq_jessica
D:3:      layout_loops_ring, nicolae_ru_awakened_eye,
          gammafunk_temple_overflow_wave, ebering_ecumenical_altar_rust,
          uniq_sigmund, uniq_natasha
D:4:      layout_basic, nicolae_gozag_seed_capital, grunt_decor_fettered,
          minmay_manual_mares
D:5:      layout_basic, minmay_temple_entry_enclosed_plants, uniq_blork_the_orc
D:6:      layout_rooms, serial_shops, shop
D:7:      layout_basic, serial_shops, shop
D:8:      corexii_shantytown, layout_rooms, uniq_erica, uniq_joseph

Skill      XL: |  1  2  3  4  5  6  7  8  9 10 |
---------------+-------------------------------+-----
Short Blades   | 1 2 3 4 |  4.8
Long Blades    | 1 2 3 4 |  4.8
Axes           | 1 2 3 4 |  4.8
Maces & Flails | 1 2 3 4 |  4.8
Polearms       | 1 2 3 4 |  4.8
Staves         | 1 2 3 4 |  4.8
Slings         | 1 2 3 4 |  4.8
Bows           | 1 2 3 4 |  4.8
Dodging        | 1 2 3 4 |  4.8
Shields        | 1 2 3 4 |  4.8
Unarmed Combat | 1 2 3 4 6 |  6.3
Spellcasting   | 1 2 3 4 |  4.8
Invocations    | 1 2 3 4 5 |  5.3
Evocations     | 1 2 3 4 |  4.8
Conjurations   | 1 2 3 4 |  4.0
Hexes          | 1 2 3 4 |  4.0
Summonings     | 1 2 3 4 |  4.0
Necromancy     | 1 2 3 4 |  4.0
Translocations | 1 2 3 4 |  4.0
Transmutations | 1 2 3 4 |  4.0
Fire Magic     | 1 2 3 4 |  4.0
Ice Magic      | 1 2 3 4 |  4.0
Air Magic      | 1 2 3 4 |  4.0
Earth Magic    | 1 2 3 4 |  4.0
Poison Magic   | 1 2 3 4 |  4.0
Throwing       | 3 4 5 |  5.5
Armour         | 3 4 5 |  5.5
Stealth        | 3 4 5 |  5.4
Crossbows      | 7 8 |  8.2
Fighting       | 9 |  9.8

Action                   |  1- 3 |  4- 6 |  7- 9 | 10-12 || total
-------------------------+-------+-------+-------+-------++-------
Melee: Dagger            |       |    43 |   163 |    27 ||   233
       Bite              |       |     4 |    32 |    10 ||    46
 Fire: Hand crossbow     |    57 |    19 |   111 |     1 ||   188
Throw: Dart              |       |     2 |       |       ||     2
Invok: Bend Time         |       |       |     1 |     1 ||     2
  Use: Scroll            |     4 |     3 |     7 |       ||    14
       Potion            |       |     1 |     1 |     1 ||     3
 Stab: Sleeping          |       |       |     2 |     1 ||     3
Armor: Ring mail         |     4 |    10 |       |       ||    14
       Scale mail        |       |     5 |    61 |       ||    66
       Steam dragon scal |       |       |    29 |     4 ||    33
Dodge: Dodged            |     8 |    13 |    95 |     6 ||   122
Block: Buckler           |     3 |     8 |    42 |       ||    53
       Kite shield       |       |       |    13 |     9 ||    22

Table legend: (Time is in decaauts)
 A = Elapsed time spent in this place.
 B = Non-inter-level travel time spent in this place.
 C = Inter-level travel time spent in this place.
 D = Time resting spent in this place.
 E = Time spent auto-exploring this place.
 F = Levels seen in this place.
 G = Mean time per level.
                   A        B        C        D        E       F      G
               +--------+--------+--------+--------+--------+-----+--------+
         Total |   7390 |   6802 |    588 |    885 |   4651 |   8 |  923.8 |
       Dungeon |   7390 |   6802 |    588 |    885 |   4651 |   8 |  923.8 |
               +--------+--------+--------+--------+--------+-----+--------+

Top non-repeatable levels by time:
     D:7: 1600 daAuts
     D:5: 1513 daAuts
     D:6: 1109 daAuts
     D:3: 1036 daAuts
     D:1: 852 daAuts
     D:4: 708 daAuts
     D:2: 481 daAuts
     D:8: 88 daAuts
